 Dungeon Crawl Stone Soup version 0.22-a0-247-gbddf880 (webtiles) character file.

511 Azzok the Fighter (level 7, -1/50 HPs)
             Began as a Gargoyle Berserker on Feb 26, 2018.
             Was a Believer of Trog.
             Slain by Regeox's ghost (8 damage)
             ... on level 5 of the Dungeon.
             The game lasted 00:04:55 (3278 turns).

Azzok the Fighter (Gargoyle Berserker)              Turns: 3278, Time: 00:04:56

Health: -1/50      AC: 15    Str: 20    XL:     7   Next: 19%
Magic:  7/7        EV:  8    Int: 10    God:    Trog [**....]
Gold:   189        SH:  0    Dex:  9    Spells: 6/6 levels left

rFire    . . .     SeeInvis .   a - +0 falchion
rCold    . . .     Gourm    .   (no shield)
rNeg     + . .     Faith    .   C - +0 chain mail
rPois    ∞         Spirit   .   s - +0 helmet
rElec    +         Reflect  .   r - scarf {cloud immunity}
rCorr    .         Harm     .   (no gloves)
MR       .....                  g - +0 pair of boots
Stlth    ..........             y - amulet of regeneration
HPRegen  0.56/turn              q - ring of loudness (curse)
MPRegen  0.10/turn              (no ring)

@: berserk cooldown, slowed, very slow
A: negative energy resistance 1, electricity resistance, unbreathing,
petrification resistance, rot immunity, AC +4
a: Berserk, Trog's Hand, Renounce Religion


You were on level 5 of the Dungeon.
You worshipped Trog.
Trog was pleased with you.
You were very hungry.

You visited 1 branch of the dungeon, and saw 5 of its levels.

You collected 189 gold pieces.

Inventory:

Hand Weapons
 a - a +0 falchion (weapon)
Missiles
 e - 35 arrows
Armour
 g - a +0 pair of boots (worn)
 r - a scarf of cloud immunity (worn)
 s - a +0 helmet (worn)
 C - a +0 chain mail (worn)
Jewellery
 q - a cursed ring of loudness (left hand)
 y - an amulet of regeneration (around neck)
Wands
 b - a wand of iceblast (4)
Scrolls
 d - 2 scrolls of immolation {unknown}
 f - a scroll of identify {unknown}
 i - a scroll of amnesia {unknown}
 l - 2 scrolls of enchant armour {unknown}
 o - a scroll of magic mapping {unknown}
 p - 2 scrolls of blinking {unknown}
 u - 2 scrolls of remove curse {unknown}
 v - a scroll of fog {unknown}
 B - a scroll of noise {unknown}
Potions
 h - 2 potions of curing {unknown}
 j - a potion of invisibility {unknown}
 k - a potion of haste {unknown}
 n - 2 potions of mutation {unknown}
 t - a potion of brilliance {unknown}
 w - 2 potions of flight {unknown}
 x - a potion of heal wounds {unknown}
 z - a potion of magic {unknown}
Comestibles
 c - 9 rations
 A - 2 chunks of flesh


   Skills:
 + Level 8.8 Fighting
 - Level 2.6 Long Blades
 - Level 2.1 Armour
 - Level 1.5 Dodging


You had 6 spell levels left.
You didn't know any spells.

Dungeon Overview and Level Annotations

Branches:
Dungeon (5/15)
 Temple: D:4-7

Altars:
Wu Jian
Yredelemnul

Annotations:
D:3 1 runed door
D:5 Ijyb; Regeox's ghost, novice HOFi


Innate Abilities, Weirdness & Mutations

You are resistant to torment.
Your stone body is resilient. (AC +4)
You are immune to poison.
You resist negative energy. (rN+)
You are resistant to electric shocks. (rElec)
You can survive without breathing.
You are immune to petrification.
You are immune to rotting.


Message History

Regeox's ghost is severely damaged.
Regeox's ghost closely misses you.
You riposte.
You hit Regeox's ghost but do no damage.
Regeox's ghost is severely damaged.
Regeox's ghost ripples.
Regeox's ghost hits you.
You hit Regeox's ghost but do no damage.
Regeox's ghost is severely damaged.
Regeox's ghost hits you!
* * * LOW HITPOINT WARNING * * *
Regeox's ghost closely misses you.
You riposte.
You hit Regeox's ghost but do no damage.
Regeox's ghost is severely damaged.
You hit Regeox's ghost but do no damage.
Regeox's ghost is severely damaged.
Regeox's ghost shrieks, "You must not succeed where I failed!"
Regeox's ghost hits you!
* * * LOW HITPOINT WARNING * * *
Regeox's ghost hits you!
You die...

▒ ▒··▒▒▒·······▒
▒·····▒·▒ ▒···
▒▒▒▒▒▒▒▒▒
▒·····▒·▒ ▒·▒▒▒
▒·····▒·▒ ▒· ▒▒▒▒
▒▒▒▒▒·····>·▒
▒▒···▒
▒···▒▒▒·▒▒▒▒▒
▒▒·····▒▒
▒·······▒
▒?%·····▒
▒···▒▒▒▒▒
········▒▒▒▒▒▒·▒▒
··:·····gW@····▒
▒······▒▒▒▒▒▒▒▒▒
▒·▒···▒ ▒▒▒▒


You could see Ijyb and Regeox's ghost.

Vanquished Creatures
  An ogre (D:5)
  2 orc priests
  A hound (D:4)
  An orc wizard (D:3)
  2 iguanas (D:4)
  Jessica (D:3)
  A human skeleton (D:3)
  2 worker ants (D:4)
  6 adders
  A river rat (D:4)
  5 worms
  4 dart slugs
  A leopard gecko (D:4)
  10 orcs
  A ball python (D:4)
  5 giant cockroaches
  7 goblins
  5 hobgoblins
  4 jackals (D:1)
  3 kobolds
  2 quokkas
  6 bats
  2 frilled lizards
  A goblin zombie (D:3)
  5 rats
79 creatures vanquished.

Notes
Turn   | Place    | Note
-------+----------+-------------------------------------------
     0 | D:1      | Azzok the Gargoyle Berserker began the quest for the Orb.
     0 | D:1      | Reached XP level 1. HP: 14/14 MP: 1/1
   148 | D:1      | Reached XP level 2. HP: 20/20 MP: 2/2
   172 | D:1      | Reached skill level 4 in Fighting
   877 | D:1      | Reached XP level 3. HP: 24/24 MP: 3/3
  1621 | D:3      | Found a runed door.
  1621 | D:3      | Noticed a human
  1627 | D:3      | Found a basalt altar of Yredelemnul.
  1640 | D:3      | Reached skill level 5 in Fighting
  1640 | D:3      | Reached XP level 4. HP: 31/31 MP: 4/4
  1766 | D:3      | Reached ** piety under Trog
  1781 | D:3      | Found an ornate altar of the Wu Jian Council.
  1801 | D:3      | Reached skill level 6 in Fighting
  1804 | D:3      | Reached XP level 5. HP: 37/37 MP: 5/5
  2037 | D:3      | Noticed Jessica
  2054 | D:3      | Killed Jessica
  2445 | D:4      | Reached skill level 7 in Fighting
  2508 | D:4      | Reached XP level 6. HP: 41/44 MP: 6/6
  2954 | D:4      | Reached skill level 8 in Fighting
  3142 | D:5      | Entered Level 5 of the Dungeon
  3174 | D:5      | Reached XP level 7. HP: 50/50 MP: 7/7
  3250 | D:5      | Noticed Regeox's ghost (novice HOFi)
  3265 | D:5      | Noticed Ijyb
  3278 | D:5      | Slain by Regeox's ghost

Vault maps used:
D:1:      minmay_arrival_semitransparent, grunt_decor_fettered, minmay_cut_off
D:2:      first_ration
D:3:      overflow_temple_1_default, dk_yredelemnul_ordeal, uniq_jessica
D:4:      portal_sewer_entry_e, dk_noncrumbling_2
D:5:      uniq_ijyb

Skill      XL: |  1  2  3  4  5  6 |
---------------+-------------------+-----
Fighting       | 4 5 6 7 8 |  8.8
Long Blades    | |  2.6
Armour         | |  2.1
Dodging        | |  1.5

Action                   |  1- 3 |  4- 6 |  7- 9 || total
-------------------------+-------+-------+-------++-------
Melee: Falchion          |   120 |   214 |    44 ||   378
Invok: Berserk           |       |     2 |     1 ||     3
  Eat: Chunk             |     2 |     7 |     1 ||    10
Armor: Animal skin       |    32 |       |       ||    32
       Ring mail         |    22 |    95 |       ||   117
       Chain mail        |       |     3 |    22 ||    25
Dodge: Dodged            |    71 |   114 |    28 ||   213
       Rpst.: Falchion   |    19 |    39 |    11 ||    69

Table legend:
 A = Spawn XP
 B = Non-spawn XP
 C = Spawn XP percentage of total XP
 D = Spawn monster count
 E = Non-spawn monster count
 F = Spawn count percentage of total count
 G = Total turns spent on level
                    A         B        C        D         E        F      G
               +---------+---------+-------+---------+---------+-------+---------
         Total |       0 |     731 |   0.0 |       0 |      79 |   0.0 |  3278
               +---------+---------+-------+---------+---------+-------+---------
           D:1 |       0 |      37 |   0.0 |       0 |      21 |   0.0 |  1003
           D:2 |       0 |      23 |   0.0 |       0 |      10 |   0.0 |   616
           D:3 |       0 |     204 |   0.0 |       0 |      16 |   0.0 |   660
           D:4 |       0 |     306 |   0.0 |       0 |      28 |   0.0 |   863
           D:5 |       0 |     161 |   0.0 |       0 |       4 |   0.0 |   136
               +---------+---------+-------+---------+---------+-------+---------
